APL (24 & UNDER)
DETROIT DIRTY SNOW @ SCOTTSDALE SCORPIONS
09/11/2025
 
TOP OF THE 1ST
Detroit Dirty Snow batting - Pitching for Scottsdale Scorpions : LHP Eric Fisher
Pitching: LHP Eric Fisher
Batting: RHB Don Hooper 0-0: Ball
1-0: Called Strike
1-1: Foul Ball, location: 2F
1-2: Ball
2-2: Ball
3-2: Strikes out looking
Batting: RHB Cristo Souza 0-0: Called Strike
0-1: Swinging Strike
0-2: Strikes out looking
Batting: RHB José Velásquez 0-0: Called Strike
0-1: Ground out 4-3 (Groundball, 4)
Top of the 1st over - 0 run(s), 0 hit(s), 0 error(s), 0 left on base; Detroit 0 - Scottsdale 0
BOTTOM OF THE 1ST
Scottsdale Scorpions batting - Pitching for Detroit Dirty Snow : LHP Marcos Ortíz
Pitching: LHP Marcos Ortíz
Batting: RHB Ricardo Gutiérrez 0-0: Ball
1-0: Called Strike
1-1: SINGLE (Line Drive, 6M)
Batting: SHB William Daly 0-0: Ball
1-0: Ball
2-0: Foul Ball, location: 2F
2-1: Ball
Wild Pitch!
Ricardo Gutiérrez to second
3-1: Base on Balls
Batting: RHB Jared Thompson 0-0: DOUBLE (Line Drive, 4D)
Ricardo Gutiérrez scores
William Daly to third
Runner from 3rd tries for Home, SAFE, no throw or cutoff
Batting: RHB Geomar Dalsoglio 0-0: Ground out 1-3 (Groundball, 13)
Jared Thompson to third
Batting: LHB Claudio Rodríguez 0-0: Called Strike
0-1: Called Strike
0-2: SINGLE (Line Drive, 4MD)
Jared Thompson scores
Batting: RHB David Suarze 0-0: Ball
1-0: Ball
2-0: Foul Ball, location: 2F
2-1: Called Strike
2-2: Fielders Choice at 2nd, 6-4 (Groundball, 6M)
Batting: RHB Edgardo Gonzáles 0-0: Called Strike
0-1: Ball
1-1: Ground out 1-3 (Groundball, 13S)
Bottom of the 1st over - 3 run(s), 3 hit(s), 0 error(s), 1 left on base; Detroit 0 - Scottsdale 3
TOP OF THE 2ND
Detroit Dirty Snow batting - Pitching for Scottsdale Scorpions : LHP Eric Fisher
Batting: SHB Tim Reid 0-0: Ball
1-0: Ball
2-0: Foul Ball, location: 2F
2-1: Swinging Strike
2-2: Foul Ball, location: 2F
2-2: Foul Ball, location: 2F
2-2: Fly out, F7 (Line Drive, 7M)
Batting: RHB Arturo Jiménez 0-0: Called Strike
0-1: Foul Ball, location: 2F
0-2: Strikes out swinging
Batting: RHB Charlie O'Farrell 0-0: Ball
1-0: Ball
2-0: Ball
3-0: Base on Balls
Batting: SHB Alan Garland Pickoff Throw to First - Out!
Top of the 2nd over - 0 run(s), 0 hit(s), 0 error(s), 0 left on base; Detroit 0 - Scottsdale 3
BOTTOM OF THE 2ND
Scottsdale Scorpions batting - Pitching for Detroit Dirty Snow : LHP Marcos Ortíz
Batting: RHB Cristián Román 0-0: Ball
1-0: Ball
2-0: Foul Ball, location: 2F
2-1: Called Strike
2-2: Ball
3-2: Base on Balls
Batting: LHB Ernesto Hernández 0-0: Foul Ball, location: 2F
0-1: Ball
1-1: Swinging Strike
1-2: Ball
2-2: Foul Ball, location: 2F
2-2: Foul Ball, location: 2F
2-2: Strikes out swinging
Batting: RHB Ricardo Gutiérrez 0-0: Called Strike
0-1: SINGLE (Line Drive, 8LS)
Cristián Román to second
Batting: SHB William Daly 0-0: Called Strike
0-1: Ball
1-1: Ball
2-1: Ball
3-1: Base on Balls
Cristián Román to third
Ricardo Gutiérrez to second
Batting: RHB Jared Thompson 0-0: Ball
1-0: Called Strike
1-1: Ball
2-1: Ball
3-1: Base on Balls
Cristián Román scores
Ricardo Gutiérrez to third
William Daly to second
Batting: RHB Geomar Dalsoglio 0-0: Ball
1-0: Ball
2-0: Ball
3-0: Base on Balls
Ricardo Gutiérrez scores
William Daly to third
Jared Thompson to second
Batting: LHB Claudio Rodríguez 0-0: Ball
1-0: Ball
2-0: Ball
3-0: Foul Ball, location: 2F
3-1: Foul Ball, location: 2F
3-2: Base on Balls
William Daly scores
Jared Thompson to third
Geomar Dalsoglio to second
Batting: RHB David Suarze 0-0: Foul Ball, location: 2F
0-1: Called Strike
0-2: Strikes out swinging
Batting: RHB Edgardo Gonzáles 0-0: Ball
1-0: Fly out, F8 (Flyball, 8LXD)
Bottom of the 2nd over - 3 run(s), 1 hit(s), 0 error(s), 3 left on base; Detroit 0 - Scottsdale 6
TOP OF THE 3RD
Detroit Dirty Snow batting - Pitching for Scottsdale Scorpions : LHP Eric Fisher
Batting: SHB Alan Garland 0-0: Ball
1-0: DOUBLE (Line Drive, 89M)
Batting: RHB Manny Perea 0-0: Ball
1-0: Ground out 5-3 (Groundball, 5S)
Alan Garland to third
Batting: RHB Carlos Rocha 0-0: Fly out, F9 (Flyball, 89M)
Runner from 3rd tags up, SCORES, no throw
Batting: RHB Don Hooper 0-0: Ball
1-0: DOUBLE (Flyball, 8LXD)
Batting: RHB Cristo Souza 0-0: DOUBLE (Line Drive, 5L)
Don Hooper scores
Batting: RHB José Velásquez 0-0: Fly out, F9 (Flyball, 89M)
Top of the 3rd over - 2 run(s), 3 hit(s), 0 error(s), 1 left on base; Detroit 2 - Scottsdale 6
BOTTOM OF THE 3RD
Scottsdale Scorpions batting - Pitching for Detroit Dirty Snow : LHP Marcos Ortíz
Batting: RHB Cristián Román 0-0: Ground out 6-3 (Groundball, 6)
Batting: LHB Ernesto Hernández 0-0: Called Strike
0-1: Foul Ball, location: 2F
0-2: Ground out 4-3 (Groundball, 4S)
Batting: RHB Ricardo Gutiérrez 0-0: Ball
1-0: SINGLE (Line Drive, 4MD)
Batting: SHB William Daly 0-0: Ball
1-0: Swinging Strike
1-1: Ball
2-1: Ball
3-1: Fly out, F4 (Popup, 4S)
Bottom of the 3rd over - 0 run(s), 1 hit(s), 0 error(s), 1 left on base; Detroit 2 - Scottsdale 6
TOP OF THE 4TH
Detroit Dirty Snow batting - Pitching for Scottsdale Scorpions : LHP Eric Fisher
Batting: SHB Tim Reid 0-0: Called Strike
0-1: Foul Ball, location: 2F
0-2: Ball
1-2: Ball
2-2: Foul Ball, location: 2F
2-2: Ball
3-2: Fly out, F7 (Flyball, 7D)
Batting: RHB Arturo Jiménez 0-0: Foul Ball, location: 2F
0-1: Ball
1-1: Called Strike
1-2: Ball
2-2: Strikes out swinging
Batting: RHB Charlie O'Farrell 0-0: Ball
1-0: Foul Ball, location: 2F
1-1: Ball
2-1: Ball
3-1: Base on Balls
Batting: SHB Alan Garland 0-0: Ball
1-0: Ball
2-0: Swinging Strike
2-1: Ball
3-1: Called Strike
3-2: Base on Balls
Charlie O'Farrell to second
Batting: RHB Manny Perea 0-0: Swinging Strike
0-1: Ball
1-1: Foul Ball, location: 2F
1-2: Ground out 5-3 (Groundball, 56)
Top of the 4th over - 0 run(s), 0 hit(s), 0 error(s), 2 left on base; Detroit 2 - Scottsdale 6
BOTTOM OF THE 4TH
Scottsdale Scorpions batting - Pitching for Detroit Dirty Snow : LHP Marcos Ortíz
Batting: RHB Jared Thompson 0-0: Ball
1-0: SINGLE (Groundball, 56D)
Batting: RHB Geomar Dalsoglio 0-0: Ball
1-0: Called Strike
1-1: Called Strike
1-2: SINGLE (Flyball, 8RS)
Jared Thompson to second
Runner from 2nd tries for 3rd, SAFE, throw made to third
Batting: LHB Claudio Rodríguez 0-0: Swinging Strike
0-1: Called Strike
0-2: Foul Ball, location: 2F
0-2: Ball
1-2: Fly out, F7 (Flyball, 7LS)
Batting: RHB David Suarze 0-0: Ball
Geomar Dalsoglio steals 2nd base
1-0: Ball
2-0: Fly out, F6 (Line Drive, 6M)
2-0: Lined into DP, U6 (Line Drive, 6M)
Bottom of the 4th over - 0 run(s), 2 hit(s), 0 error(s), 1 left on base; Detroit 2 - Scottsdale 6
TOP OF THE 5TH
Detroit Dirty Snow batting - Pitching for Scottsdale Scorpions : LHP Eric Fisher
Batting: RHB Carlos Rocha 0-0: Called Strike
0-1: Called Strike
0-2: Ball
1-2: Ground out 6-3 (Groundball, 6)
Batting: RHB Don Hooper 0-0: Ball
1-0: Swinging Strike
1-1: Foul Ball, location: 2F
1-2: Ball
2-2: Ball
3-2: Foul Ball, location: 2F
3-2: Strikes out swinging
Batting: RHB Cristo Souza 0-0: Ball
1-0: Ball
2-0: Ball
3-0: Base on Balls
Batting: RHB José Velásquez 0-0: Called Strike
0-1: Ball
1-1: Called Strike
1-2: Ball
2-2: Ball
3-2: Strikes out swinging
Top of the 5th over - 0 run(s), 0 hit(s), 0 error(s), 1 left on base; Detroit 2 - Scottsdale 6
BOTTOM OF THE 5TH
Scottsdale Scorpions batting - Pitching for Detroit Dirty Snow : LHP Marcos Ortíz
Pitching: RHP Dave Funk
Batting: RHB Edgardo Gonzáles 0-0: Ball
1-0: Ground out 5-3 (Groundball, 5S)
Batting: RHB Cristián Román 0-0: Ball
1-0: Ball
2-0: Ball
3-0: Base on Balls
Batting: LHB Ernesto Hernández 0-0: Called Strike
0-1: Swinging Strike
0-2: Ball
1-2: Strikes out swinging
Batting: RHB Ricardo Gutiérrez 0-0: Ground out 5-3 (Groundball, 56S)
Bottom of the 5th over - 0 run(s), 0 hit(s), 0 error(s), 1 left on base; Detroit 2 - Scottsdale 6
TOP OF THE 6TH
Detroit Dirty Snow batting - Pitching for Scottsdale Scorpions : LHP Eric Fisher
Batting: SHB Tim Reid 0-0: SINGLE (Line Drive, 56D)
Batting: RHB Arturo Jiménez 0-0: Ball
1-0: Ball
2-0: SINGLE (Groundball, 5D)
Tim Reid to second
Pitching: RHP Sterling Caldwell
Batting: RHB Charlie O'Farrell 0-0: Ball
1-0: Grounds into double play, 1-6-3 (Groundball, 15)
Tim Reid to third
Batting: SHB Alan Garland 0-0: Called Strike
0-1: Ground out 3-1 (Groundball, 34)
Top of the 6th over - 0 run(s), 2 hit(s), 0 error(s), 1 left on base; Detroit 2 - Scottsdale 6
BOTTOM OF THE 6TH
Scottsdale Scorpions batting - Pitching for Detroit Dirty Snow : RHP Dave Funk
Batting: SHB William Daly 0-0: Called Strike
0-1: Ball
1-1: Ball
2-1: SINGLE (Groundball, 6MD) (infield hit)
Batting: RHB Jared Thompson 0-0: Ball
1-0: Called Strike
1-1: Ball
2-1: Foul Ball, location: 2F
2-2: Fly out, F7 (Flyball, 78M)
Batting: RHB Geomar Dalsoglio 0-0: Called Strike
0-1: Foul Ball, location: 2F
0-2: Foul Ball, location: 2F
0-2: Ball
1-2: Foul Ball, location: 2F
1-2: Strikes out looking
Batting: LHB Claudio Rodríguez 0-0: Ball
1-0: Called Strike
1-1: Swinging Strike
1-2: Foul Ball, location: 2F
1-2: Strikes out swinging
Bottom of the 6th over - 0 run(s), 1 hit(s), 0 error(s), 1 left on base; Detroit 2 - Scottsdale 6
TOP OF THE 7TH
Detroit Dirty Snow batting - Pitching for Scottsdale Scorpions : RHP Sterling Caldwell
Batting: RHB Manny Perea 0-0: Foul Ball, location: 2F
0-1: Ball
1-1: Ground out 1-3 (Groundball, 15)
Batting: RHB Carlos Rocha 0-0: Called Strike
0-1: Ball
1-1: Foul Ball, location: 2F
1-2: Foul Ball, location: 2F
1-2: Fly out, F6 (Popup, 56D)
Batting: RHB Don Hooper 0-0: Foul Ball, location: 2F
0-1: Ball
1-1: Foul Ball, location: 2F
1-2: Strikes out swinging
Top of the 7th over - 0 run(s), 0 hit(s), 0 error(s), 0 left on base; Detroit 2 - Scottsdale 6
BOTTOM OF THE 7TH
Scottsdale Scorpions batting - Pitching for Detroit Dirty Snow : RHP Dave Funk
Pitching: RHP Benjamin Hutchison
Batting: RHB David Suarze 0-0: Ball
1-0: Fly out, F7 (Line Drive, 7LS)
Batting: RHB Edgardo Gonzáles 0-0: Swinging Strike
0-1: Ball
1-1: Called Strike
1-2: Ball
2-2: Fly out, F8 (Flyball, 8LS)
Batting: RHB Cristián Román 0-0: Foul Ball, location: 2F
0-1: Ball
1-1: Hit by Pitch
Batting: LHB Ernesto Hernández 0-0: Called Strike
0-1: Ball
1-1: Ball
2-1: Swinging Strike
2-2: Strikes out looking
Bottom of the 7th over - 0 run(s), 0 hit(s), 0 error(s), 1 left on base; Detroit 2 - Scottsdale 6
TOP OF THE 8TH
Detroit Dirty Snow batting - Pitching for Scottsdale Scorpions : RHP Sterling Caldwell
Pitching: RHP John Field
Batting: RHB Cristo Souza 0-0: Called Strike
0-1: Foul Ball, location: 2F
0-2: Strikes out swinging
Batting: RHB José Velásquez 0-0: Swinging Strike
0-1: Swinging Strike
0-2: Ball
1-2: Ball
2-2: Ball
3-2: Foul Ball, location: 2F
3-2: Strikes out swinging
Batting: SHB Tim Reid 0-0: Ball
1-0: Called Strike
1-1: Called Strike
1-2: Ball
2-2: Ball
3-2: Foul Ball, location: 2F
3-2: SINGLE (Line Drive, 78S)
Batting: RHB Arturo Jiménez 0-0: Ball
1-0: Ball
2-0: Fly out, F9 (Flyball, 89D)
Top of the 8th over - 0 run(s), 1 hit(s), 0 error(s), 1 left on base; Detroit 2 - Scottsdale 6
BOTTOM OF THE 8TH
Scottsdale Scorpions batting - Pitching for Detroit Dirty Snow : RHP Benjamin Hutchison
Batting: RHB Ricardo Gutiérrez 0-0: Ball
1-0: Swinging Strike
1-1: Ground out 5-3 (Groundball, 56S)
Batting: SHB William Daly 0-0: Called Strike
0-1: Ball
1-1: Foul Ball, location: 2F
1-2: Ball
2-2: Ball
Single, Error in OF, E9, batter to second base
Batting: RHB Jared Thompson 0-0: Intentional Walk
Batting: RHB Geomar Dalsoglio 0-0: Ball
1-0: Ball
2-0: Called Strike
2-1: Ball
3-1: Base on Balls
William Daly to third
Jared Thompson to second
Batting: LHB Claudio Rodríguez 0-0: Ball
1-0: Called Strike
1-1: Ground out 4-3 (Groundball, 13)
William Daly scores
Jared Thompson to third
Geomar Dalsoglio to second
Batting: RHB David Suarze 0-0: Ball
1-0: Called Strike
1-1: Called Strike
1-2: Ball
2-2: Ground out 5-3 (Groundball, 15S)
Bottom of the 8th over - 1 run(s), 1 hit(s), 1 error(s), 2 left on base; Detroit 2 - Scottsdale 7
TOP OF THE 9TH
Detroit Dirty Snow batting - Pitching for Scottsdale Scorpions : RHP John Field
Now at 3B: Juan Gonzáles
Batting: RHB Charlie O'Farrell 0-0: Ball
1-0: Swinging Strike
1-1: Called Strike
1-2: Strikes out swinging
Batting: SHB Alan Garland 0-0: Swinging Strike
0-1: Fly out, F2 (Popup, 2LF)
Batting: RHB Manny Perea 0-0: Ball
1-0: Called Strike
1-1: Swinging Strike
1-2: Foul Ball, location: 2F
1-2: Ground out 6-3 (Groundball, 6M)
Top of the 9th over - 0 run(s), 0 hit(s), 0 error(s), 0 left on base; Detroit 2 - Scottsdale 7
This league is powered by Out of the Park Baseball, the baseball management simulation game for PC, Mac and Linux
Tuesday, August 2nd, 2016 - OOTP Baseball 16.8 Build 38